Map: Old Republic LE

Players

Indy - Winner!

  • Race: Terran Terran
  • Spawn Location: 7:00

A.I. 1 (Hard)

  • Race: Zerg Zerg
  • Spawn Location: 1:00

VOD

Have the link to the VOD?

Description

Time

  • Played on: March 6, 2026, 1:10 p.m.
  • Length: 12:08
Show
View Real Time Build Order
Export as new Build Order

Indy Terran - Winner!

Build Orders: Reaper Expand, Hellion Banshee, Mech 

Get SALT Encoding   

  12  0:00  SCV  
  13  0:12  SCV  
  14  0:17  Supply Depot  
  14  0:24  SCV  
  15  0:38  SCV  
  15  0:40  Barracks  
  16  0:45  Refinery  
  16  0:51  SCV  
  17  1:03  SCV  
  18  1:15  SCV  
  19  1:27  Orbital Command  
  19  1:28  Reaper  
  20  1:38  Command Center  
  20  1:52  Supply Depot, SCV  
  21  2:00  Marine  
  22  2:04  SCV  
  22  2:05  Factory  
  23  2:17  SCV  
  24  2:23  Barracks Reactor  
  24  2:29  SCV  
  25  2:35  Command Center  
  25  2:41  SCV  
  26  2:48  Refinery  
  26  2:49  Orbital Command  
  26  2:53  SCV  
  27  3:04  Hellion x2  
  27  3:05  SCV  
  32  3:12  Starport  
  32  3:16  SCV  
  32  3:17  SCV  
  34  3:24  Barracks Tech Lab  
  34  3:25  Hellion  
  36  3:28  Hellion  
  36  3:29  SCV  
  36  3:31  SCV  
  40  3:41  SCV  
  40  3:43  SCV  
  40  3:47  Hellion  
  40  3:48  Supply Depot  
  44  3:50  Hellion  
  44  3:51  Orbital Command  
  46  3:56  SCV x2  
  48  4:08  SCV x2  
  48  4:09  Banshee  
  50  4:11  Refinery x2  
  50  4:12  Cloaking Field  
  53  4:18  Hellion  
  53  4:19  Hellion  
  53  4:21  SCV  
  53  4:23  SCV x2  
  60  4:30  Supply Depot  
  60  4:33  SCV  
  60  4:35  SCV  
  62  4:41  Factory  
  62  4:44  Factory  
  58  4:47  SCV  
  58  4:48  SCV x2  
  58  4:50  Hellion  
  58  4:52  Banshee  
  63  4:53  Hellion  
  69  5:00  SCV x2  
  69  5:03  Supply Depot x2, Barracks Tech Lab, Orbital Command  
  70  5:12  SCV x2  
  72  5:22  Factory  
  72  5:23  Factory  
  72  5:28  Hellion x2  
  76  5:30  SCV x3  
  76  5:31  Barracks Reactor  
  76  5:34  Siege Tank  
  82  5:39  Siege Tank  
  82  5:40  Supply Depot x2  
  82  5:42  SCV x2  
  87  5:46  SCV  
  88  5:56  Armory  
  88  5:57  SCV  
  88  5:58  SCV x2  
  91  6:06  Supply Depot  
  91  6:07  Supply Depot  
  91  6:10  SCV x2, Factory Tech Lab, Refinery x2  
  91  6:11  SCV  
  94  6:12  Siege Tank  
  94  6:13  Siege Tank  
  100  6:20  Hellion x3  
  100  6:22  Hellion  
  108  6:29  Siege Tank  
  111  6:35  SCV x3  
  114  6:42  Supply Depot x3  
  114  6:47  SCV x3  
  117  6:59  SCV x2  
  117  7:00  Command Center  
  119  7:03  Factory, Barracks Reactor  
  119  7:04  Factory  
  119  7:06  Factory  
  119  7:07  Siege Tank x2  
  119  7:08  Siege Tank  
  128  7:10  Hellion x2  
  128  7:11  SCV  
  128  7:15  Terran Vehicle Weapons Level 1  
  133  7:16  Supply Depot  
  133  7:24  Starport Reactor  
  133  7:34  Supply Depot  
  133  7:36  Supply Depot x2, Hellion x2  
  141  7:37  Hellion x2  
  141  7:45  Engineering Bay  
  141  7:48  Supply Depot  
  141  7:49  Factory Tech Lab x2, Supply Depot  
  141  7:50  Supply Depot  
  141  7:55  SCV x3  
  141  7:58  Siege Tank x3  
  150  7:59  Hellion  
  150  8:00  Hellion x2  
  159  8:07  Hellion x2  
  159  8:08  Hellion  
  165  8:14  Supply Depot  
  165  8:26  Refinery, SCV  
  165  8:27  SCV x2  
  168  8:28  Refinery  
  168  8:31  Planetary Fortress  
  168  8:33  Thor x2  
  180  8:36  Thor  
  186  8:45  Thor  
  192  8:51  Thor  
  192  8:52  Hellion  
  200  8:59  Infernal Pre-Igniter  
  200  9:04  Missile Turret  
  200  9:05  Missile Turret  
  200  9:06  Missile Turret  
  200  9:07  Missile Turret  
  200  9:08  Missile Turret  
  200  9:09  Missile Turret  
  200  9:10  Missile Turret  
  200  9:29  Hellion x2  
  200  9:30  Hellion x2  
  200  9:31  Hellion  
  200  9:32  Terran Vehicle Weapons Level 2  
  200  9:34  Armory  
  200  9:57  Command Center  
  200  10:00  Command Center  
  200  10:34  Hellion  
  196  11:09  Hellion x3  
Show
View Real Time Build Order
Export as new Build Order

A.I. 1 (Hard) Zerg 

Build Orders: Hatch First 

Get SALT Encoding   

  12  0:00  Drone  
  13  0:12  Overlord  
  13  0:16  Drone  
  14  0:30  Drone  
  14  0:32  Drone  
  14  0:34  Drone  
  17  0:53  Hatchery  
  17  0:55  Drone  
  17  1:10  Spawning Pool  
  16  1:11  Drone  
  16  1:15  Drone  
  16  1:17  Extractor  
  17  1:20  Drone  
  18  1:27  Overlord  
  18  1:38  Drone  
  19  1:56  Queen  
  19  2:00  Zergling x4  
  19  2:01  Roach Warren  
  22  2:04  Drone  
  22  2:06  Extractor  
  22  2:10  Drone  
  23  2:21  Baneling Nest  
  22  2:24  Drone  
  22  2:28  Zergling x2  
  24  2:31  Zergling x2  
  26  2:37  Drone  
  25  2:44  Roach  
  27  2:57  Roach  
  29  3:00  Overlord  
  29  3:10  Roach, Drone  
  32  3:13  Drone  
  32  3:17  Drone  
  34  3:21  Drone  
  34  3:23  Lair, Baneling  
  35  3:38  Drone  
  36  3:44  Overlord  
  36  3:47  Drone  
  37  3:54  Evolution Chamber  
  37  3:55  Drone  
  36  4:01  Evolution Chamber  
  35  4:03  Drone  
  35  4:07  Roach  
  38  4:20  Roach  
  38  4:22  Hydralisk Den  
  39  4:25  Drone  
  39  4:30  Overlord  
  40  4:33  Roach  
  42  4:40  Drone  
  42  4:43  Drone  
  42  4:46  Drone  
  42  4:50  Drone  
  42  4:52  Hydralisk  
  44  4:54  Drone  
  44  4:56  Drone  
  44  4:59  Drone  
  49  5:01  Drone  
  49  5:05  Hydralisk, Overlord  
  52  5:08  Drone  
  52  5:11  Drone  
  52  5:13  Drone  
  55  5:18  Drone, Hydralisk, Zerg Melee Weapons Level 1  
  55  5:20  Drone  
  59  5:23  Drone  
  59  5:25  Drone  
  61  5:33  Overlord  
  61  5:34  Drone  
  62  5:37  Zerg Ground Armor Level 1  
  62  5:44  Drone  
  62  5:45  Burrow  
  62  5:46  Drone  
  62  5:48  Drone  
  65  5:50  Drone  
  65  5:51  Drone  
  65  5:55  Drone  
  68  5:57  Overlord  
  68  6:06  Zergling x2  
  69  6:11  Extractor  
  69  6:13  Extractor  
  67  6:19  Roach  
  67  6:20  Overlord  
  69  6:32  Roach, Spore Crawler  
  71  6:33  Drone, Overseer  
  71  6:35  Spore Crawler, Drone  
  71  6:36  Drone  
  71  6:38  Drone  
  69  6:42  Drone  
  69  6:45  Roach, Drone  
  68  6:49  Drone  
  68  6:51  Drone  
  65  6:58  Roach  
  68  7:01  Drone  
  68  7:08  Overseer  
  68  7:10  Overlord  
  68  7:11  Roach  
  68  7:12  Zerg Missile Weapons Level 1  
  68  7:13  Spine Crawler  
  69  7:17  Spine Crawler  
  69  7:18  Drone  
  69  7:19  Spore Crawler, Drone  
  69  7:20  Drone  
  69  7:22  Drone  
  71  7:23  Hydralisk  
  71  7:24  Drone  
  74  7:31  Spore Crawler  
  74  7:34  Drone  
  74  7:36  Hydralisk, Queen  
  78  7:42  Queen  
  80  7:45  Drone  
  80  7:48  Infestation Pit  
  80  7:49  Hydralisk, Overlord  
  80  7:51  Drone  
  83  7:56  Spine Crawler, Drone  
  83  8:01  Spine Crawler, Drone  
  83  8:02  Zergling x2  
  84  8:08  Spire  
  84  8:09  Drone  
  84  8:14  Hydralisk  
  86  8:28  Roach  
  88  8:40  Hydralisk  
  90  8:53  Hydralisk  
  90  8:54  Pneumatized Carapace, Overlord  
  90  8:55  Overlord x2, Overseer  
  92  9:02  Hatchery  
  91  9:25  Zergling x2  
  91  9:38  Hive  
  91  10:15  Drone, Zergling x2  
  91  10:16  Drone  
  91  10:17  Spore Crawler  
  91  10:18  Overlord, Drone  
  91  10:19  Spore Crawler, Zergling x2, Drone  
  95  10:21  Drone  
  95  10:23  Glial Reconstitution, Drone, Spore Crawler  
  95  10:24  Drone  
  95  10:26  Drone  
  95  10:27  Drone  
  99  10:29  Drone  
  99  10:31  Drone  
  99  10:32  Drone  
  99  10:34  Hydralisk  
  96  10:38  Zergling x2  
  96  10:42  Zergling x2, Drone  
  94  10:50  Ultralisk Cavern  
  94  10:52  Mutalisk  
  94  10:56  Zergling x2  
  94  10:57  Drone  
  59  11:02  Roach  
  59  11:03  Mutalisk  
  48  11:04  Overseer  
  45  11:15  Zergling x2  
  34  11:25  Zergling x2  
  28  11:29  Zergling x2  
  28  11:30  Drone  
  27  11:37  Spire  
  24  11:46  Overseer  
  11  11:49  Overseer  
Tags
 
Add a new tag
Caveats
  • Supply blocks, unpowered buildings, or Contaminate may cause inaccurate times.
  • Supply counts are checked every 10 seconds.